 Dungeon Crawl Stone Soup version 0.21-a0-517-gd76cfe0 (webtiles) character file.

116 slep the Chopper (level 4, -4/41 HPs)
             Began as a Minotaur Monk on Dec 4, 2017.
             Killed from afar by an orc wizard (9 damage)
             ... with a magic dart
             ... on level 3 of the Dungeon.
             The game lasted 00:06:52 (1784 turns).

slep the Chopper (Minotaur Monk)                    Turns: 1784, Time: 00:06:52

Health: -4/41      AC:  3    Str: 16    XL:     4   Next: 70%
Magic:  3/3        EV: 13    Int:  7    God:
Gold:   144        SH:  0    Dex: 13    Spells: 3/3 levels left

rFire    . . .     SeeInvis .   a - +0 hand axe
rCold    . . .     Gourm    .   (no shield)
rNeg     . . .     Faith    .   u - +0 leather armour (curse)
rPois    .         Spirit   .   (helmet restricted)
rElec    .         Reflect  .   (no cloak)
rCorr    .         Harm     +   (no gloves)
MR       .....                  (no boots)
Stlth    ++........             h - amulet of harm
HPRegen  0.13/turn              (no ring)
MPRegen  0.08/turn              (no ring)

@: slowed, very slow
A: retaliatory headbutt, horns 2
a: no special abilities


You were on level 3 of the Dungeon.
You were not hungry.

You visited 1 branch of the dungeon, and saw 3 of its levels.

You collected 144 gold pieces.

Inventory:

Hand Weapons
 a - a +0 hand axe (weapon)
Armour
 b - a +0 robe
 n - a +0 leather armour
 u - a cursed +0 leather armour (worn)
Jewellery
 h - an amulet of harm (around neck)
Scrolls
 e - 2 scrolls of fear
 f - 5 scrolls of remove curse
 j - 6 scrolls of identify {unknown}
 k - a scroll of enchant armour {unknown}
 o - a scroll of amnesia {unknown}
 q - 2 scrolls of immolation {unknown}
 t - a scroll of silence {unknown}
Potions
 d - a potion of mutation {unknown}
 g - a potion of lignification {unknown}
 l - a potion of curing {unknown}
 p - a potion of flight {unknown}
 r - a potion of magic {unknown}
Comestibles
 c - 2 bread rations
 i - 2 royal jellies
 m - 6 fruits


   Skills:
 + Level 4.5 Fighting
 + Level 4.8 Axes
 + Level 1.0 Armour
 + Level 4.0 Dodging
 + Level 2.2 Stealth


You had 3 spell levels left.
You didn't know any spells.

Dungeon Overview and Level Annotations

Branches:
Dungeon (3/15)

Altars:
Cheibriados
Kikubaaqudgha
Makhleb


Innate Abilities, Weirdness & Mutations

You reflexively headbutt those who attack you in melee.
You have a pair of horns on your head.


Message History

The magic dart hits you!
The orc wizard hits you with a dagger of protection.
The orc wizard hits you but does no damage.
You hit the orc wizard. Your headbutt misses the orc wizard.
The orc wizard is almost dead.
The orc wizard casts a spell at you. The magic dart hits you!
* * * LOW HITPOINT WARNING * * *
The orc wizard casts a spell.
The orc wizard blinks!
The orc wizard points at you and mumbles some strange words.
The magic dart hits you!
* * * LOW HITPOINT WARNING * * *
The orc wizard mumbles some strange words.
The orc wizard blinks!
The orc wizard mumbles some strange words.
The orc wizard blinks!
The orc wizard gestures at you while chanting.
The magic dart hits you!
You die...

(.......# #.#......##.. .
.?...... #.#......##.. # ......
#........##.# ##
#.##.#####...........# ##.
#.##.#......###.####.# (.
######...........###......# .#
##....†...##.#......###..††#
.#####..##.).####.....##.###.....
.......##.......@.....o..........
...........######...#.......<##..
.#######.....)......##.......##..
.# ###÷###...............##.. ##
#.# #.###..##........#.. ###.#
#.# #..# ....... # #...# #.# #..#
....... ## #######.# #..# .......
.#######..###..# ..# ....(..


You could see an orc wizard.

Vanquished Creatures
  3 adders
  2 oozes
  4 worms
  2 leopard geckos
  4 orcs (D:3)
  2 ball pythons
  9 bats
  4 giant cockroaches
  4 goblins
  13 hobgoblins
  3 jackals (D:1)
  4 frilled lizards
  3 kobolds
  6 rats
63 creatures vanquished.

Notes
Turn   | Place    | Note
-------+----------+-------------------------------------------
     0 | D:1      | slep the Minotaur Monk began the quest for the Orb.
     0 | D:1      | Reached XP level 1. HP: 19/19 MP: 0/0
   128 | D:1      | Reached XP level 2. HP: 27/27 MP: 1/1
   522 | D:1      | Reached XP level 3. HP: 16/33 MP: 2/2
   889 | D:3      | Reached XP level 4. HP: 11/41 MP: 3/3
  1114 | D:2      | Found an ancient bone altar of Kikubaaqudgha.
  1176 | D:2      | Found a snail-covered altar of Cheibriados.
  1176 | D:2      | Found a burning altar of Makhleb.
  1585 | D:2      | Reached skill level 1 in Armour
  1784 | D:3      | Killed from afar by an orc wizard

Vault maps used:
D:1:      noname_arrival_rooms_in_the_neighbourhood, serial_bayou_pond_e,
          minmay_hexomino_p4
D:2:      minmay_diamond_boxcup, kiku_gazebo_pond_becter,
          chequers_temple_overflow_statue_of_worship, first_bread,
          grunt_ministairs_8
D:3:      lemuel_upstairs_altar, uniq_crazy_yiuf_cottage

Skill      XL: |  1  2  3  4 |
---------------+-------------+-----
Fighting       | 4 |  4.5
Axes           | 4 |  4.8
Stealth        | 2 |  2.2
Dodging        | 4 |  4.0
Armour         | 1 |  1.0

Action                   |  1- 3 |  4- 6 || total
-------------------------+-------+-------++-------
Melee: Hand axe          |    91 |    71 ||   162
       Headbutt          |    13 |    15 ||    28
  Use: Scroll            |       |     2 ||     2
 Stab: Sleeping          |     6 |     5 ||    11
  Eat: Chunk             |       |     3 ||     3
Armor: Robe              |     9 |       ||     9
       Leather armour    |    15 |    14 ||    29
Dodge: Dodged            |    57 |    39 ||    96

Table legend:
 A = Spawn XP
 B = Non-spawn XP
 C = Spawn XP percentage of total XP
 D = Spawn monster count
 E = Non-spawn monster count
 F = Spawn count percentage of total count
 G = Total turns spent on level
                    A         B        C        D         E        F      G
               +---------+---------+-------+---------+---------+-------+---------
         Total |       0 |     167 |   0.0 |       0 |      63 |   0.0 |  1784
               +---------+---------+-------+---------+---------+-------+---------
           D:1 |       0 |      50 |   0.0 |       0 |      26 |   0.0 |   680
           D:2 |       0 |      57 |   0.0 |       0 |      20 |   0.0 |   810
           D:3 |       0 |      60 |   0.0 |       0 |      17 |   0.0 |   294
               +---------+---------+-------+---------+---------+-------+---------
